cohdb
Replays
Latest Replays
All Replays
Popular Replays
Top Player Replays
Match Explorer
How It Works
Community
CoH3 Stats
Reddit
Sign in to upload your games and track your stats! →
Sign in with Steam
Match 42617851
Unlisted
Match 42617851
Overview
Messages
Build Orders
End
Royal Engineer Section
Construct Section Command Post
Dingo Light Scout Car
Dingo Light Scout Car
Infantry Section
Construct Platoon Command Post
Humber Armored Car
Humber Armored Car
Royal Engineer Section
CMP 15cwt Truck
Selects Indian Artillery Battlegroup
Selects War Cry
Selects Gurkha Rifles Section
Gurkha Rifles Section
6-pounder Anti-tank Gun Team
Construct Company Command Post
Selects Volunteer Infantry
Infantry Training
Gurkha Rifles Section
Grenade Package
Gurkha Rifles Section
Matilda II Heavy Tank
Matilda II Heavy Tank
Armored Vehicle Training
War Cry
CMP 15cwt Truck
Selects Artillery Saturation
Selects Off-map Airburst Barrage
Selects BL5.5 Artillery Emplacement
War Cry
Unlock Towed 17-pounder Anti-tank Guns
17-pounder Anti-tank Gun Team
Crusader II Medium Tank
Crusader II Medium Tank
Crusader II Medium Tank
Off-map Airburst Barrage
Off-map Airburst Barrage
Crusader II Medium Tank
Royal Engineer Section
Off-map Airburst Barrage
Crusader II Medium Tank
Crusader II Medium Tank
Off-map Airburst Barrage
Pixel
dan legend
Guh
Lord Curzon
Blysk
PoppaMies
DSG16
FUNERAL MACACO🔪🐒
0
0
Comments
sign in to comment!
No comments posted yet!